 Dungeon Crawl Stone Soup version 0.18-a0-1116-g1750dec (console) character file.

7870 FIQ the Grappler (level 11, 0/178 HPs)
             Began as a Troll Monk on Jan 17, 2016.
             Slain by a wolf spider zombie (2 damage)
             ... on level 11 of the Dungeon.
             The game lasted 00:15:56 (7322 turns).

FIQ the Grappler (Troll Monk)                       Turns: 7322, Time: 00:15:56

Health: 0/178      AC:  7    Str: 26    XL:     11   Next: 2%
Magic:  8/8        EV: 13    Int: 12    God:
Gold:   601        SH:  0    Dex: 13    Spells: 0 memorised, 10 levels left

rFire  + . .     SeeInvis .       - Unarmed
rCold  . . .     Gourm    +     I - +1 robe "Dotzack" {Int+6}
rNeg   . . .     Faith    .     (no shield)
rPois  +         Spirit   .     (helmet restricted)
rElec  .         Dismiss  .     t - +0 cloak
rCorr  +         Reflect  .     (gloves unavailable)
SustAt .         Harm     .     (boots unavailable)
MR     .....                    l - amulet of regeneration
Stlth  ..........               M - ring of resist corrosion
                                (no ring)

@: berserking, flying, very quick, not resistant to hostile enchantments,
extremely unstealthy
A: unfitting armour, claws 3, clumsy 1, fire resistance 1, fast metabolism 3,
gourmand, low mp 1, poison resistance, regeneration 3, robust 1, shaggy fur 1,
tough skin 2
a: no special abilities


You were on level 11 of the Dungeon.
You were completely stuffed.

You visited 1 branch of the dungeon, and saw 11 of its levels.
You also visited: Ossuary.

You collected 601 gold pieces.

Inventory:

Hand Weapons
 k - a +3 quarterstaff of chaos
Armour
 t - a +0 cloak (worn)
 I - the +1 robe "Dotzack" (worn) {Int+6}
   (You found it on level 6 of the Dungeon)

   It affects your intelligence (+6).
Jewellery
 l - an amulet of regeneration (around neck)
 m - a +3 amulet of reflection
 s - an uncursed amulet of magic regeneration
 K - a +3 ring of protection {unknown}
 L - an uncursed ring of ice
 M - a ring of resist corrosion (right claw)
 O - a +4 ring of dexterity {unknown}
 R - a cursed ring of teleportation {unknown}
Wands
 n - a wand of disintegration (10/24)
 o - a wand of fireball (8/15)
 E - a wand of flame (23/48)
Scrolls
 d - 5 scrolls of identify
 f - 8 scrolls of remove curse
 q - 2 scrolls of random uselessness {unknown}
 u - a scroll of immolation {unknown}
 x - 5 scrolls of fear {unknown}
 y - 3 scrolls of teleportation {unknown}
 A - a scroll of enchant armour {unknown}
 B - a scroll of holy word {unknown}
 C - a scroll of silence {unknown}
 F - 2 scrolls of amnesia {unknown}
 G - 2 scrolls of magic mapping {unknown}
 H - 2 scrolls of noise {unknown}
 J - 2 scrolls of enchant weapon {unknown}
 N - a scroll of blinking {unknown}
 Q - a scroll of fog {unknown}
 U - a scroll of summoning {unknown}
Potions
 c - 2 potions of lignification
 g - 6 potions of brilliance
 h - 4 potions of haste
 v - 2 potions of poison
 w - 6 potions of curing
 P - 2 potions of flight
Books
 e - a book of Death

   Spells                             Type                      Level
   a - Corpse Rot                     Necromancy                   2
   b - Sublimation of Blood           Necromancy                   2
   c - Agony                          Necromancy                   5
   d - Dispel Undead                  Necromancy                   5
   e - Excruciating Wounds            Charms/Necromancy            5
   f - Bolt of Draining               Conjuration/Necromancy       5
 S - a book of Dreams

   Spells                             Type                      Level
   a - Ensorcelled Hibernation        Hexes/Ice                    2
   b - Phase Shift                    Translocation                5
   c - Silence                        Hexes/Air                    5
   d - Darkness                       Hexes                        6
   e - Mass Confusion                 Hexes                        6
   f - Shadow Creatures               Summoning                    6
Comestibles
 a - 7 royal jellies
 b - 6 bread rations
 i - 3 meat rations
 j - 4 slices of pizza
 p - 3 mutagenic chunks of flesh
 r - a beef jerky
 D - 2 fruits


   Skills:
 + Level 7.3 Fighting
 + Level 7.5 Dodging
 - Level 1.1 Stealth
 * Level 12.6 Unarmed Combat


You had 10 spell levels left.
You didn't know any spells.

Dungeon Overview and Level Annotations

Branches:
Dungeon (11/15)            Temple (0/1) D:5             Orc (0/2) D:9
   Lair: D:8-11

Altars:
Ashenzari
Fedhas
Kikubaaqudgha
Makhleb
Pakellas
Qazlal
Trog
Xom
Beogh

Shops:
D:8 (


Innate Abilities, Weirdness & Mutations

You are too large for most types of armour.
You have claws for hands.
Your metabolism is lightning-fast.
You like to eat raw meat.
You regenerate.
You are covered in fur (AC +1).
You have very tough skin (AC +2).
You are clumsy. (Dex -2)
Your flesh is heat resistant.
Your magical capacity is low (-10% MP).
Your system is resistant to poisons.
You are robust (+10% HP).


Message History

The wolf spider zombie closely misses you.
Drink which item? (? for menu, Esc to quit)
It was a potion of berserk rage.
A red film seems to cover your vision as you go berserk!
You feel yourself moving faster!
You feel mighty!
The wolf spider zombie hits you but does no damage.
The wolf spider zombie bites you.
* * * LOW HITPOINT WARNING * * *
The wolf spider zombie hits you!
* * * LOW HITPOINT WARNING * * *
The wolf spider zombie bites you.
* * * LOW HITPOINT WARNING * * *
You barely miss the troll.
The troll is moderately wounded.
The troll closely misses you. The troll barely misses you. The troll claws you!
* * * LOW HITPOINT WARNING * * *
You mangle the wolf spider zombie!!
The wolf spider zombie hits you but does no damage.
The wolf spider zombie bites you.
You die...

#..## #....###
#......##
#####...##
###..## ##...##
##.....##
######...#...#
##.......###..##
#.....ZT## ##..#
#...##.@.# #..#
..$ ##..# #..# .
##..# #..#
##...# #..#
....# ##..#
.....###..##
###...#...#
#.....## ##...##
###..##
#####...##


You could see a troll and a wolf spider zombie.

Vanquished Creatures
  An ugly thing (D:11)
  A troll (D:11)
  A queen bee (D:8)
  Grinder (D:4)
  A shadow (D:11)
  A wraith (Ossuary)
  Eustachio (D:4)
  A hippogriff (D:5)
  A warg (D:9)
  A soldier ant (D:9)
  4 phantoms
  15 orc warriors
  2 black bears (D:6)
  2 sky beasts
  A wasp (D:9)
  2 ice beasts
  6 ogres
  A centaur (D:7)
  5 giant frogs
  A gnoll sergeant (D:9)
  4 scorpions
  20 killer bees
  3 wights (D:9)
  4 crimson imps
  A centaur zombie (D:7)
  A jelly (D:6)
  4 hounds
  5 orc priests (D:9)
  Crazy Yiuf (D:3)
  4 iguanas
  Natasha (thrice) (D:3)
  6 orc wizards
  6 worker ants
  A killer bee zombie (D:5)
  4 hound zombies
  A hound skeleton (D:6)
  2 mummies
  2 worker ant zombies
  7 gnolls
  13 adders
  A shadow imp (D:5)
  2 adder skeletons
  3 worms
  9 giant geckos
  50 orcs
  2 ball pythons
  3 bats
  5 giant cockroaches
  6 goblins
  5 hobgoblins
  9 jackals
  5 quokkas
  A giant newt (D:1)
  4 gnoll skeletons (Ossuary)
  7 kobolds
  6 kobold skeletons (Ossuary)
  15 orc skeletons (Ossuary)
  A quokka skeleton (D:4)
  8 rats
283 creatures vanquished.

Vanquished Creatures (others)
  A hungry ghost (D:2)
1 creature vanquished.

Grand Total: 284 creatures vanquished

Notes
Turn   | Place    | Note
--------------------------------------------------------------
     0 | D:1      | FIQ the Troll Monk began the quest for the Orb.
     0 | D:1      | Reached XP level 1. HP: 22/22 MP: 0/0
   205 | D:1      | Reached XP level 2. HP: 29/29 MP: 1/1
   792 | D:2      | Found an oddly glowing altar of Pakellas.
   792 | D:2      | Noticed a hungry ghost
   822 | D:2      | Killed a hungry ghost
   883 | D:2      | Found a bloodstained altar of Trog.
   906 | D:2      | Found a burning altar of Makhleb.
   912 | D:2      | Reached XP level 3. HP: 29/36 MP: 2/2
  1088 | D:2      | Reached skill level 5 in Unarmed Combat
  1339 | D:3      | Reached XP level 4. HP: 44/44 MP: 3/3
  1343 | D:3      | Noticed Natasha
  1345 | D:3      | Killed Natasha
  1366 | D:3      | Found a shimmering altar of Xom.
  1410 | D:3      | Reached XP level 5. HP: 51/53 MP: 4/4
  1521 | D:3      | Noticed Natasha
  1526 | D:3      | Killed Natasha
  1596 | D:3      | Noticed Natasha
  1600 | D:3      | Killed Natasha
  1843 | D:3      | Noticed Crazy Yiuf
  1852 | D:3      | Killed Crazy Yiuf
  1852 | D:3      | Reached XP level 6. HP: 56/61 MP: 5/5
  2062 | D:4      | Reached skill level 6 in Unarmed Combat
  2090 | D:4      | Noticed Grinder
  2107 | D:4      | Paralysed by Grinder for 5 turns
  2145 | D:4      | Killed Grinder
  2145 | D:4      | Reached XP level 7. HP: 52/68 MP: 6/6
  2260 | D:4      | Noticed Eustachio
  2274 | D:4      | Reached skill level 7 in Unarmed Combat
  2281 | D:4      | Killed Eustachio
  2622 | D:5      | Entered Level 5 of the Dungeon
  2641 | D:5      | Noticed a hippogriff
  2649 | D:5      | Killed a hippogriff
  2784 | D:5      | Found a staircase to the Ecumenical Temple.
  2922 | D:5      | Reached skill level 8 in Unarmed Combat
  2922 | D:5      | Reached XP level 8. HP: 75/79 MP: 7/7
  3091 | D:5      | Found a sand-covered staircase.
  3098 | Ossuary  | Entered an ossuary
  3641 | D:6      | Reached skill level 5 in Dodging
  3666 | D:6      | Reached skill level 5 in Fighting
  3666 | D:6      | Reached skill level 9 in Unarmed Combat
  3918 | D:6      | Reached XP level 9. HP: 73/88 MP: 8/8
  3922 | D:6      | Gained mutation: Your magical capacity is low (-10% MP). [mutagenic meat]
  3923 | D:6      | Gained mutation: Your system is resistant to poisons. [mutagenic meat]
  3926 | D:6      | Gained mutation: You regenerate. [mutagenic meat]
  3927 | D:6      | Gained mutation: You are dopey. (Int -2) [mutagenic meat]
  3995 | D:6      | Got a steaming robe
  4006 | D:6      | Identified the +1 robe "Dotzack" {Int+6} (You found it on level 6 of the Dungeon)
  4543 | D:7      | Reached skill level 10 in Unarmed Combat
  4563 | D:7      | Found an ancient bone altar of Kikubaaqudgha.
  4577 | D:7      | Found a shattered altar of Ashenzari.
  4712 | D:7      | Gained mutation: You are robust (+10% HP). [potion of mutation]
  4712 | D:7      | Gained mutation: Your flesh is heat resistant. [potion of mutation]
  4713 | D:7      | Lost mutation: You are dopey. (Int -2) [potion of mutation]
  4713 | D:7      | Gained mutation: You are clumsy. (Dex -2) [potion of mutation]
  4767 | D:7      | Found a blossoming altar of Fedhas.
  4977 | D:8      | Noticed a queen bee
  5021 | D:8      | Killed a queen bee
  5035 | D:8      | Reached skill level 11 in Unarmed Combat
  5138 | D:8      | Reached XP level 10. HP: 107/107 MP: 8/8
  5289 | D:8      | Found Mogiraun's Weapon Shop.
  5517 | D:8      | Found a stormy altar of Qazlal.
  5684 | D:9      | Found a roughly hewn altar of Beogh.
  6031 | D:9      | Found a staircase to the Orcish Mines.
  6638 | D:10     | Entered Level 10 of the Dungeon
  6768 | D:10     | Reached skill level 12 in Unarmed Combat
  7156 | D:11     | Noticed a green ugly thing
  7175 | D:11     | Killed a green ugly thing
  7175 | D:11     | Reached XP level 11. HP: 31/119 MP: 8/8
  7320 | D:11     | HP: 8/178 [wolf spider zombie (1)]
  7321 | D:11     | HP: 1/178 [troll (7)]
  7322 | D:11     | Slain by a wolf spider zombie

Vault maps used:
D:1:      elethiomel_arrival_infinity_welcomes_careful_drivers
D:2:      lightli_temple_of_fire, gammafunk_pakellas_cloud_experiment,
          lemuel_crystal_altar
D:3:      xom_butterflies, glass_columns_c, grunt_ministairs_13, uniq_natasha,
          uniq_crazy_yiuf_cottage
D:4:      first_bread, minmay_misc_feat_encased, uniq_grinder, uniq_eustachio
D:5:      minmay_temple_entry_glassed_door, gup_ossuary_entry_pyramid
D:7:      fedhas_bush_and_centaur_altar, basic_altar,
          cheibrodos_ashenzari_chains
D:8:      nicolae_qazlal_eye_of_the_storm, serial_shops, shop, david_nohive_1
D:9:      david_orc_1_choice, david_defended_altar_orc
D:10:     special_room, kennysheep_generic_room_7
D:11:     dragon1_lemuel, lair_0_dummy, serial_shops,
          nicolae_shop_competitors_out_of_business, nicolae_sextant, uniq_fannar
Ossuary:  ossuary_due_mausoleum

Action                   |  1- 3 |  4- 6 |  7- 9 | 10-12 || total
-------------------------+-------+-------+-------+-------++-------
Melee: Unarmed           |   100 |   129 |   334 |   321 ||   884
  Use: Scroll            |       |       |     8 |       ||     8
       Potion            |       |       |     7 |    10 ||    17
 Stab: Distracted        |       |     1 |       |       ||     1
       Sleeping          |       |     1 |     1 |     2 ||     4
  Eat: Chunk             |    18 |     7 |    33 |    21 ||    79
